| TOP OF THE 1ST |
|
Chicago Cubs batting - Pitching for San Diego Padres : LHP Danny Arizola
|
|
Pitching: LHP Danny Arizola
|
|
|
Batting: RHB Gary Ward
|
0-0: Foul Ball, location: 2F 0-1: SINGLE (Line Drive, 6D, EV 106.9 MPH)
|
|
Batting: LHB Johnny Grubb
|
0-0: Called Strike 0-1: Ball 1-1: SINGLE (Flyball, 3D, EV 90.6 MPH) Gary Ward to second Runner from 2nd tries for 3rd, SAFE, no throw by RF
|
|
Batting: LHB Gerald Perry
|
0-0: Ball 1-0: Foul Ball, location: 2F 1-1: 3-RUN HOME RUN (Flyball, 9D, EV 90.0 MPH), Distance : 384 ft
|
|
Batting: SHB Roy Smalley
|
0-0: Ball 1-0: Fly out, F8 (Flyball, 89XD, EV 99.4 MPH)
|
|
Batting: RHB Damaso Garcia
|
0-0: Ball 1-0: Ground out 3-1 (Groundball, 34S, EV 94.4 MPH)
|
|
Batting: LHB Robert Kraft
|
0-0: Ball 1-0: Foul Ball, location: 2F 1-1: Called Strike 1-2: Ball 2-2: Foul Ball, location: 2F 2-2: Foul Ball, location: 2F 2-2: Foul Ball, location: 2F 2-2: Strikes out swinging
|
| Top of the 1st over - 3 runs, 3 hits, 0 errors, 0 left on base; Chicago 3 - San Diego 0 |
| BOTTOM OF THE 1ST |
|
San Diego Padres batting - Pitching for Chicago Cubs : LHP Adrian Wolf
|
|
Pitching: LHP Adrian Wolf
|
|
|
Batting: RHB Dennis Dungy
|
0-0: Ball 1-0: Called Strike 1-1: Ball 2-1: Ball 3-1: Base on Balls
|
|
Batting: RHB Bob Dernier
|
0-0: Ball 1-0: Called Strike 1-1: Ball 2-1: Ball Dennis Dungy steals 2nd base 3-1: Foul Ball, location: 2F 3-2: Foul Ball, location: 2F 3-2: Foul Ball, location: 2F 3-2: Base on Balls
|
|
Batting: LHB Mike Cole
|
0-0: Ball 1-0: Swinging Strike 1-1: Ball 2-1: Foul Ball, location: 2F 2-2: Ball 3-2: Base on Balls Dennis Dungy to third Bob Dernier to second
|
|
Batting: RHB Eddy Martinez
|
0-0: Called Strike 0-1: Called Strike 0-2: Strikes out swinging
|
|
Batting: RHB Joel Youngblood
|
0-0: Ball 1-0: Foul Ball, location: 2F 1-1: Foul Ball, location: 2F 1-2: Foul Ball, location: 2F 1-2: Strikes out looking
|
|
Batting: LHB Tom Dunbar
|
0-0: Ball 1-0: Called Strike 1-1: Swinging Strike 1-2: Strikes out swinging
|
| Bottom of the 1st over - 0 runs, 0 hits, 0 errors, 3 left on base; Chicago 3 - San Diego 0 |
| TOP OF THE 2ND |
|
Chicago Cubs batting - Pitching for San Diego Padres : LHP Danny Arizola
|
|
Batting: RHB Marty Castillo
|
0-0: Ball 1-0: Ball 2-0: Ball 3-0: Base on Balls
|
|
Batting: RHB Bob Brenly
|
0-0: Ball 1-0: Swinging Strike 1-1: Foul Ball, location: 2F 1-2: Ball 2-2: Ball 3-2: Base on Balls Marty Castillo to second
|
|
Batting: LHB Adrian Wolf
|
0-0: Bunt missed! 0-1: Sac Bunt to 3S - play at third, runner OUT! 3-5 Bob Brenly to second
|
|
Batting: RHB Gary Ward
|
0-0: Foul Ball, location: 2F 0-1: Called Strike 0-2: Strikes out swinging
|
|
Batting: LHB Johnny Grubb
|
0-0: Foul Ball, location: 2F 0-1: Ball 1-1: Fly out, F5 (Popup, 56S, EV 77.5 MPH)
|
| Top of the 2nd over - 0 runs, 0 hits, 0 errors, 2 left on base; Chicago 3 - San Diego 0 |
| BOTTOM OF THE 2ND |
|
San Diego Padres batting - Pitching for Chicago Cubs : LHP Adrian Wolf
|
|
Batting: RHB Heriberto Soltero
|
0-0: Fly out, F6 (Popup, 6, EV 68.8 MPH)
|
|
Batting: LHB Jeffrey Zitek
|
0-0: Foul Ball, location: 2F 0-1: Reached on error, E4 (Groundball, 4, EV 86.3 MPH)
|
|
Batting: LHB Danny Arizola
|
0-0: Called Strike 0-1: Bunted foul 0-2: Bunted foul, Strikeout!
|
|
Batting: RHB Dennis Dungy
|
0-0: Ball Jeffrey Zitek steals 2nd base 1-0: Swinging Strike 1-1: Called Strike 1-2: Ball 2-2: Foul Ball, location: 2F 2-2: Fly out, F5 (Line Drive, 5, EV 60.6 MPH)
|
| Bottom of the 2nd over - 0 runs, 0 hits, 1 error, 1 left on base; Chicago 3 - San Diego 0 |
| TOP OF THE 3RD |
|
Chicago Cubs batting - Pitching for San Diego Padres : LHP Danny Arizola
|
|
Batting: LHB Gerald Perry
|
0-0: Called Strike 0-1: Ball 1-1: Foul Ball, location: 2F 1-2: Foul Ball, location: 2F 1-2: Ground out U3 (Groundball, 3S, EV 90.0 MPH)
|
|
Batting: SHB Roy Smalley
|
0-0: Called Strike 0-1: Ball 1-1: Ball 2-1: Foul Ball, location: 2F 2-2: Ground out 6-3 (Groundball, 6M, EV 102.5 MPH)
|
|
Batting: RHB Damaso Garcia
|
0-0: Ground out 6-3 (Groundball, 56, EV 101.9 MPH)
|
| Top of the 3rd over - 0 runs, 0 hits, 0 errors, 0 left on base; Chicago 3 - San Diego 0 |
| BOTTOM OF THE 3RD |
|
San Diego Padres batting - Pitching for Chicago Cubs : LHP Adrian Wolf
|
|
Batting: RHB Bob Dernier
|
0-0: Fly out, F8 (Flyball, 8RM, EV 96.3 MPH)
|
|
Batting: LHB Mike Cole
|
0-0: Ball 1-0: Called Strike 1-1: Called Strike 1-2: Ball 2-2: Strikes out swinging
|
|
Batting: RHB Eddy Martinez
|
0-0: Called Strike 0-1: Foul Ball, location: 2F 0-2: Strikes out looking
|
| Bottom of the 3rd over - 0 runs, 0 hits, 0 errors, 0 left on base; Chicago 3 - San Diego 0 |
| TOP OF THE 4TH |
|
Chicago Cubs batting - Pitching for San Diego Padres : LHP Danny Arizola
|
|
Batting: LHB Robert Kraft
|
0-0: Ball 1-0: Foul Ball, location: 2F 1-1: DOUBLE (Line Drive, 7LS, EV 101.9 MPH)
|
|
Batting: RHB Marty Castillo
|
0-0: Fly out, F8 (Flyball, 8RM, EV 83.1 MPH)
|
|
Batting: RHB Bob Brenly
|
0-0: Ball 1-0: Ball 2-0: Ball 3-0: Base on Balls
|
|
Batting: LHB Adrian Wolf
|
0-0: Grounds into double play, 6-4-3 (Groundball, 6, EV 108.8 MPH)
|
| Top of the 4th over - 0 runs, 1 hit, 0 errors, 1 left on base; Chicago 3 - San Diego 0 |
| BOTTOM OF THE 4TH |
|
San Diego Padres batting - Pitching for Chicago Cubs : LHP Adrian Wolf
|
|
Batting: RHB Joel Youngblood
|
0-0: Called Strike 0-1: Ball 1-1: Ball 2-1: Ball 3-1: Base on Balls
|
|
Batting: LHB Tom Dunbar
|
0-0: 2-RUN HOME RUN (Flyball, 89XD, EV 99.4 MPH), Distance : 415 ft
|
|
Batting: RHB Heriberto Soltero
|
0-0: Ball 1-0: SINGLE (Groundball, 6D, EV 98.1 MPH)
|
|
Batting: LHB Jeffrey Zitek
|
0-0: Called Strike 0-1: Ball Pickoff Throw to First - Out! 1-3 1-1: SINGLE (Groundball, 34D, EV 96.3 MPH)
|
|
Batting: LHB Danny Arizola
|
0-0: Ball 1-0: Bunted foul 1-1: Bunted foul 1-2: Bunted foul, Strikeout!
|
|
Batting: RHB Dennis Dungy
|
0-0: Swinging Strike 0-1: Swinging Strike 0-2: Foul Ball, location: 2F 0-2: Strikes out looking
|
| Bottom of the 4th over - 2 runs, 3 hits, 0 errors, 1 left on base; Chicago 3 - San Diego 2 |
| TOP OF THE 5TH |
|
Chicago Cubs batting - Pitching for San Diego Padres : LHP Danny Arizola
|
|
Batting: RHB Gary Ward
|
0-0: Foul Ball, location: 2F 0-1: Ball 1-1: Foul Ball, location: 2F 1-2: Foul Ball, location: 2F 1-2: Ball 2-2: Fly out, F8 (Flyball, 89M, EV 82.5 MPH)
|
|
Batting: LHB Johnny Grubb
|
0-0: Foul Ball, location: 2F 0-1: Ground out 4-3 (Groundball, 4MD, EV 83.8 MPH)
|
|
Batting: LHB Gerald Perry
|
0-0: Ball 1-0: Swinging Strike 1-1: Ball 2-1: Foul Ball, location: 2F 2-2: Ball 3-2: Foul Ball, location: 2F 3-2: Strikes out swinging
|
| Top of the 5th over - 0 runs, 0 hits, 0 errors, 0 left on base; Chicago 3 - San Diego 2 |
| BOTTOM OF THE 5TH |
|
San Diego Padres batting - Pitching for Chicago Cubs : LHP Adrian Wolf
|
|
Batting: RHB Bob Dernier
|
0-0: Ball 1-0: Ball 2-0: Called Strike 2-1: Foul Ball, location: 2F 2-2: Ball 3-2: SINGLE (Groundball, 25, EV 66.3 MPH) (infield hit)
|
|
Batting: LHB Mike Cole
|
0-0: DOUBLE (Line Drive, 9LM, EV 110.6 MPH) Bob Dernier to third
|
|
Batting: RHB Eddy Martinez
|
0-0: Ball 1-0: Ball 2-0: Foul Ball, location: 2F 2-1: Ball 3-1: Foul Ball, location: 2F 3-2: Reached on error, E7 (Flyball, 78M, EV 88.1 MPH) Bob Dernier scores Mike Cole to third
|
|
Batting: RHB Joel Youngblood
|
0-0: Foul Ball, location: 2F 0-1: Grounds into double play, 6-4-3 (Groundball, 6, EV 100.6 MPH) Mike Cole scores
|
|
Batting: LHB Tom Dunbar
|
0-0: Ball 1-0: Ball 2-0: Ball 3-0: Base on Balls
|
|
Batting: RHB Heriberto Soltero
|
0-0: Ball 1-0: Ball 2-0: Ball 3-0: Called Strike 3-1: Fielders Choice at 2nd, 6-4 (Groundball, 6, EV 102.5 MPH)
|
| Bottom of the 5th over - 2 runs, 2 hits, 1 error, 1 left on base; Chicago 3 - San Diego 4 |
| TOP OF THE 6TH |
|
Chicago Cubs batting - Pitching for San Diego Padres : LHP Danny Arizola
|
|
Batting: SHB Roy Smalley
|
0-0: Ball 1-0: Fly out, F9 (Flyball, 9S, EV 86.9 MPH)
|
|
Batting: RHB Damaso Garcia
|
0-0: Ground out 3-1 (Groundball, 34, EV 78.8 MPH)
|
|
Batting: LHB Robert Kraft
|
0-0: Swinging Strike 0-1: Called Strike 0-2: Strikes out swinging
|
| Top of the 6th over - 0 runs, 0 hits, 0 errors, 0 left on base; Chicago 3 - San Diego 4 |
| BOTTOM OF THE 6TH |
|
San Diego Padres batting - Pitching for Chicago Cubs : LHP Adrian Wolf
|
|
Batting: LHB Jeffrey Zitek
|
0-0: Called Strike 0-1: Swinging Strike 0-2: Ball 1-2: Strikes out swinging
|
|
Batting: LHB Danny Arizola
|
0-0: Called Strike 0-1: Fly out, F8 (Flyball, 8LM, EV 82.5 MPH)
|
|
Batting: RHB Dennis Dungy
|
0-0: Ball 1-0: Foul Ball, location: 2F 1-1: Foul Ball, location: 2F 1-2: SINGLE (Line Drive, 6D, EV 106.9 MPH)
|
|
Batting: RHB Bob Dernier
|
0-0: Called Strike 0-1: Called Strike 0-2: Foul Ball, location: 2F 0-2: Ball 1-2: Strikes out swinging
|
| Bottom of the 6th over - 0 runs, 1 hit, 0 errors, 1 left on base; Chicago 3 - San Diego 4 |
| TOP OF THE 7TH |
|
Chicago Cubs batting - Pitching for San Diego Padres : LHP Danny Arizola
|
|
Now in RF: Kelvin Moore
|
|
|
Batting: RHB Marty Castillo
|
0-0: Called Strike 0-1: Ball 1-1: Called Strike 1-2: Ball 2-2: Foul Ball, location: 2F 2-2: Ball 3-2: Strikes out swinging
|
|
Batting: RHB Bob Brenly
|
0-0: Ball 1-0: Ball 2-0: Called Strike 2-1: Called Strike 2-2: Ball 3-2: Strikes out looking
|
|
Batting: LHB Adrian Wolf
|
0-0: Called Strike 0-1: Ball 1-1: Foul Ball, location: 2F 1-2: Foul Ball, location: 2F 1-2: Foul Ball, location: 2F 1-2: Strikes out looking
|
| Top of the 7th over - 0 runs, 0 hits, 0 errors, 0 left on base; Chicago 3 - San Diego 4 |
| BOTTOM OF THE 7TH |
|
San Diego Padres batting - Pitching for Chicago Cubs : LHP Adrian Wolf
|
|
Pitching: RHP Matt Keough
|
|
|
Batting: LHB Mike Cole
|
0-0: Ball 1-0: Called Strike 1-1: Foul Ball, location: 2F 1-2: Ball 2-2: Ball 3-2: Strikes out looking
|
|
Batting: RHB Eddy Martinez
|
0-0: Ball 1-0: Ball 2-0: Called Strike 2-1: Ball 3-1: Called Strike 3-2: Strikes out looking
|
|
Batting: RHB Joel Youngblood
|
0-0: Called Strike 0-1: Ball 1-1: Ball 2-1: Foul Ball, location: 2F 2-2: Ball 3-2: Base on Balls
|
|
Batting: LHB Tom Dunbar
|
0-0: Called Strike 0-1: Called Strike 0-2: Ball 1-2: Ball 2-2: Ball 3-2: Strikes out swinging
|
| Bottom of the 7th over - 0 runs, 0 hits, 0 errors, 1 left on base; Chicago 3 - San Diego 4 |
| TOP OF THE 8TH |
|
Chicago Cubs batting - Pitching for San Diego Padres : LHP Danny Arizola
|
|
Batting: RHB Gary Ward
|
0-0: Called Strike 0-1: Ball 1-1: Ball 2-1: Fly out, F9 (Flyball, 9, EV 89.4 MPH)
|
|
Batting: LHB Johnny Grubb
|
0-0: Ball 1-0: Ball 2-0: Fly out, F7 (Flyball, 7LS, EV 95.0 MPH)
|
|
Batting: LHB Gerald Perry
|
0-0: Ball 1-0: Foul Ball, location: 2F 1-1: Foul Ball, location: 2F 1-2: Ball 2-2: Ball 3-2: Fly out, F9 (Flyball, 9S, EV 90.0 MPH)
|
| Top of the 8th over - 0 runs, 0 hits, 0 errors, 0 left on base; Chicago 3 - San Diego 4 |
| BOTTOM OF THE 8TH |
|
San Diego Padres batting - Pitching for Chicago Cubs : RHP Matt Keough
|
|
Batting: RHB Heriberto Soltero
|
0-0: Called Strike 0-1: Swinging Strike 0-2: Ball 1-2: Ground out 4-3 (Groundball, 34, EV 105.6 MPH)
|
|
Batting: LHB Jeffrey Zitek
|
0-0: Ball 1-0: DOUBLE (Line Drive, 78D, EV 100.6 MPH)
|
|
Batting: LHB Danny Arizola
|
0-0: Swinging Strike 0-1: Called Strike 0-2: Strikes out swinging
|
|
Batting: RHB Kelvin Moore
|
0-0: Ball 1-0: Swinging Strike 1-1: Foul Ball, location: 2F 1-2: Foul Ball, location: 2F 1-2: Strikes out looking
|
| Bottom of the 8th over - 0 runs, 1 hit, 0 errors, 1 left on base; Chicago 3 - San Diego 4 |
| TOP OF THE 9TH |
|
Chicago Cubs batting - Pitching for San Diego Padres : LHP Danny Arizola
|
|
Batting: SHB Roy Smalley
|
0-0: Foul Ball, location: 2F 0-1: Foul Ball, location: 2F 0-2: Fly out, F7 (Line Drive, 7, EV 111.3 MPH)
|
|
Batting: RHB Damaso Garcia
|
0-0: SINGLE (Line Drive, 9LM, EV 93.8 MPH)
|
|
Pinch Hitting: RHB Randy Ready
|
0-0: Ball 1-0: Ball 2-0: Foul Ball, location: 2F 2-1: Called Strike 2-2: Ball 3-2: Base on Balls Damaso Garcia to second
|
|
Batting: RHB Marty Castillo
|
0-0: Ball 1-0: Called Strike Damaso Garcia steals 3rd base 1-1: Foul Ball, location: 2F 1-2: Ball 2-2: Fly out, F9 (Flyball, 89XD, EV 93.1 MPH) Runner from 3rd tags up, SCORES, no throw by RF
|
|
Batting: RHB Bob Brenly
|
0-0: SINGLE (Groundball, 56D, EV 108.8 MPH) (infield hit) Randy Ready to second
|
|
Pinch Hitting: LHB Dave Bergman
|
0-0: Ball 1-0: Ball 2-0: Ball 3-0: Base on Balls Randy Ready to third Bob Brenly to second
|
|
Batting: RHB Gary Ward
|
0-0: Called Strike 0-1: Foul Ball, location: 2F 0-2: Foul Ball, location: 2F 0-2: Ball 1-2: Foul Ball, location: 2F 1-2: Ball 2-2: Ball Wild Pitch! Randy Ready scores Bob Brenly to third Dave Bergman to second 3-2: Base on Balls
|
|
Pitching: RHP Craig Eaton
|
|
|
Batting: LHB Johnny Grubb
|
0-0: Ball 1-0: Foul Ball, location: 2F 1-1: Called Strike 1-2: Ball 2-2: Foul Ball, location: 2F 2-2: Ball 3-2: Foul Ball, location: 2F 3-2: Base on Balls Bob Brenly scores Dave Bergman to third Gary Ward to second
|
|
Batting: LHB Gerald Perry
|
0-0: Fielders Choice at 2nd, 6-4 (Groundball, 6, EV 83.8 MPH)
|
| Top of the 9th over - 3 runs, 2 hits, 0 errors, 3 left on base; Chicago 6 - San Diego 4 |
| BOTTOM OF THE 9TH |
|
San Diego Padres batting - Pitching for Chicago Cubs : RHP Matt Keough
|
|
Pitching: RHP George Durham
|
|
|
Now at 1B: Randy Ready
|
|
|
Now in LF: Dave Bergman
|
|
|
Batting: RHB Bob Dernier
|
0-0: Ball 1-0: Called Strike 1-1: Ball 2-1: Foul Ball, location: 2F 2-2: Ball 3-2: Foul Ball, location: 2F 3-2: Foul Ball, location: 2F 3-2: Base on Balls
|
|
Batting: LHB Mike Cole
|
0-0: Foul Ball, location: 2F 0-1: Foul Ball, location: 2F 0-2: Fly out, F8 (Flyball, 78D, EV 100.0 MPH)
|
|
Batting: RHB Eddy Martinez
|
0-0: Ball 1-0: Foul Ball, location: 2F 1-1: Ball 2-1: Swinging Strike 2-2: Foul Ball, location: 2F 2-2: Grounds into double play, 6-4-3 (Groundball, 6, EV 83.8 MPH)
|
| Bottom of the 9th over - 0 runs, 0 hits, 0 errors, 0 left on base; Chicago 6 - San Diego 4 |
|